 Dungeon Crawl Stone Soup version 0.29.0-11-gd7f09526c8 (webtiles) character file.

Game seed: 6180879105408809590

639 Zeldest the Insei (level 8, -2/99 HPs)
             Began as a Meteoran Transmuter on Sept 3, 2022.
             Killed from afar by a white imp (9 damage)
             ... with a puff of frost
             ... on level 6 of the Dungeon.
             The game lasted 00:07:42 (1382 turns).

Zeldest the Insei (Meteoran Transmuter)             Turns: 1382, Time: 00:07:42

Health: -2/99      AC: 24    Str: 11    XL:     8   Next: 7%
Magic:  14/15      EV:  2    Int: 17    God:
Gold:   170        SH:  0    Dex: 15    Spells: 13/16 levels left

rFire   . . .      SeeInvis .     - Unarmed
rCold   . . .      Faith    .   (no shield)
rNeg    . . .      Spirit   .   (body armour currently unavailable)
rPois   +          Reflect  .   (helmet currently unavailable)
rElec   .          Harm     .   (cloak currently unavailable)
rCorr   .          Rampage  .   (gloves currently unavailable)
Will    +....      NoTele   +   (boots currently unavailable)
Stlth   +.........              (no amulet)
HPRegen 0.26/turn               (no ring)
MPRegen 0.14/turn               (no ring)

@: tree-form, wereblooded, glowing
A: stationary, stasis, torment immunity, boosted hp, sense surroundings 1,
otherworldly, glowing, explore regen
a: no special abilities


You were on level 6 of the Dungeon.
You were a tree.
You visited 1 branch of the dungeon, and saw 6 of its levels.

You collected 170 gold pieces.

Inventory:

Armour
 l - a +0 scale mail (melded)
 p - a +0 helmet (melded)
Jewellery
 j - a ring of ice
Scrolls
 a - a scroll of noise {unknown}
 c - a scroll of immolation {unknown}
 e - 3 scrolls of vulnerability {unknown}
 g - 2 scrolls of identify {unknown}
 h - a scroll of torment {unknown}
 o - a scroll of teleportation {unknown}
Potions
 d - 2 potions of degeneration {unknown}
 i - 2 potions of heal wounds {unknown}
 k - a potion of experience {unknown}
 m - 2 potions of attraction {unknown}
 n - a potion of flight {unknown}


   Skills:
 + Level 4.1 Fighting
 - Level 2.4 Dodging
 + Level 5.7 Unarmed Combat
 + Level 4.6 Spellcasting
 + Level 5.0 Transmutations
 + Level 3.1 Ice Magic


You had 13 spell levels left.
You knew the following spells:

 Your Spells              Type           Power      Damage    Failure   Level
a - Beastly Appendage     Tmut           42%        N/A       1%          1
b - Wereblood             Tmut           21%        N/A       2%          2

Your spell library contained the following spells:

 Spells                   Type           Power      Damage    Failure   Level
 Frozen Ramparts          Ice            28%        1d5       12%         3
 Spider Form              Tmut/Pois      12%        N/A       16%         3
 Ice Form                 Ice/Tmut       17%        N/A       26%         4
 Portal Projectile        Hex/Tloc       6%         N/A       41%         3
 Tukima's Dance           Hex            3%         N/A       41%         3
 Blade Hands              Tmut           10%        N/A       45%         5
 Summon Ice Beast         Ice/Summ       9%         N/A       61%         4


Dungeon Overview and Level Annotations

Branches:
Dungeon (6/15) Zot: 2227
 Temple: D:4-7

Altars:

Annotations:
D:6 Prince Ribbit


Innate Abilities, Weirdness & Mutations

You are a tree.
Your roots penetrate the ground, keeping you stationary.
You cannot be teleported.
You are immune to unholy pain and torment.
Your maximum health is greatly increased.
Your equipment is partially melded.
You passively map a small area around you.
You are easily found by Zot.
You glow in the dark.
You regain HP and MP as you explore.


Message History

Really quaff the potion of lignification?
Your horns disappear.
Your talons disappear.
Your +0 helmet unmelds from your body.
You turn into a tree.
Your +0 helmet melds into your body.
Your +0 scale mail melds into your body.
Your roots penetrate the ground.
The hound bites you but does no damage.
The white imp grins evilly.
Prince Ribbit hits you but does no damage.
You pummel Prince Ribbit!!
Prince Ribbit is heavily wounded.
The hound barely misses you. Prince Ribbit completely misses you.
The hound bites you but does no damage.
Prince Ribbit blinks!
You smack the hound!
The hound is severely wounded.
The hound bites you but does no damage.
You barely miss the hound.
The hound is severely wounded.
The hound bites you but does no damage.
You hit the hound.
The hound is almost dead.
The hound bites you but does no damage.
The white imp hits you but does no damage.
The hound bites you but does no damage.
You hit the hound but do no damage. You punch the hound.
You feel a bit better.
You kill the hound!
The white imp hits you but does no damage.
Your Transmutations skill increases to level 5!
You barely miss Prince Ribbit.
Prince Ribbit is heavily wounded.
Prince Ribbit hits you.
* * * LOW HITPOINT WARNING * * *
The white imp hits you but does no damage.
You barely miss Prince Ribbit.
Prince Ribbit is heavily wounded.
Prince Ribbit catches a millipede with his tongue.
Prince Ribbit hits you!
* * * LOW HITPOINT WARNING * * *
The white imp gestures at you. The puff of frost hits you!
You die...

..........##..# #. .$.,
,
..............#####.###
.... ,
....[.................
..... .....#####.#.####
#..#.....# ....## #.#.#
##...# ** * ##### #...#
##..### #...# ##....#
##*#.#.# ##5.##.# *
#....#.###♣F## .#
#.####.##..## *.#
##.####..†.## ##
#...##[..>..# *
#......####.# , ,
#...#### *... , * #####
##... * ### **


You could see Prince Ribbit and a white imp.

Vanquished Creatures
  A water moccasin (D:5)
  An ogre (D:4)
  A phantom (D:4)
  A necrophage (D:6)
  A scorpion (D:5)
  4 hounds
  An iguana (D:5)
  An orc wizard (D:3)
  3 adders (D:2)
  2 shadow imps
  A worm (D:4)
  2 dart slugs
  5 orcs
  3 endoplasms
  A giant cockroach (D:1)
  2 goblins (D:3)
  7 hobgoblins
  3 jackals (D:2)
  2 quokkas
  3 ball pythons
  A frilled lizard (D:3)
  3 kobolds
  2 rats (D:3)
51 creatures vanquished.

Vanquished Creatures (others)
  7 toadstools (D:1)
7 creatures vanquished.

Grand Total: 58 creatures vanquished

Notes
Turn   | Place    | Note
-------+----------+-------------------------------------------
     0 | D:1      | Zeldest the Meteoran Transmuter began the quest for the
                  | Orb.
     0 | D:1      | Reached XP level 1. HP: 16/16 MP: 5/5
   118 | D:2      | Reached XP level 2. HP: 11/23 MP: 4/6
   138 | D:1      | Learned a level 2 spell: Wereblood
   180 | D:1      | You fall into a shaft and drop 1 floor!
   188 | D:2      | Reached XP level 3. HP: 25/29 MP: 8/8
   320 | D:2      | Identified the +1 robe of Zuwadoke {SInv}
   360 | D:2      | Reached XP level 4. HP: 33/36 MP: 5/9
   606 | D:3      | HP: 1/37 [orc/+0 trident (7)]
   638 | D:3      | Reached XP level 5. HP: 16/42 MP: 10/10
   772 | D:3      | Reached skill level 1 in Ice Magic
   775 | D:3      | Found a faded altar of an unknown god.
   979 | D:4      | Noticed an ogre
   987 | D:4      | Killed an ogre
   988 | D:4      | Reached XP level 6. HP: 51/51 MP: 10/12
  1057 | D:4      | Reached skill level 5 in Unarmed Combat
  1132 | D:5      | Entered Level 5 of the Dungeon
  1153 | D:5      | Reached XP level 7. HP: 34/57 MP: 13/13
  1155 | D:5      | Noticed a water moccasin
  1162 | D:5      | Killed a water moccasin
  1348 | D:6      | Reached XP level 8. HP: 57/66 MP: 15/15
  1365 | D:6      | Noticed Prince Ribbit
  1381 | D:6      | Reached skill level 5 in Transmutations
  1382 | D:6      | Killed from afar by a white imp

Illustrated notes

Levels and vault maps discovered:
D:1:      nagdon_arrival_double_spiral, layout_basic
D:2:      layout_loops_ring
D:3:      layout_loops_ring, serial_forest, infiniplex_forest_straight_4,
          infiniplex_forest_join, infiniplex_forest_lined_corner,
          infiniplex_forest_straight_2, infiniplex_forest_end_2,
          shapermc_ecumenical_altar_starsandcircs, minmay_ogre_servants
D:4:      layout_gridville
D:5:      minmay_chambers_of_fours, layout_basic, pf_just_have_faith,
          serial_curves, eino_curves_02, eino_curves_02, minmay_quadrilaterals
D:6:      layout_rooms, minmay_temple_entry_statues_fountains, uniq_edmund,
          uniq_prince_ribbit1, uniq_eustachio

Skill      XL: |  1  2  3  4  5  6  7  8 |
---------------+-------------------------+-----
Unarmed Combat | 4 5 |  5.7
Fighting       | 2 3 4 |  4.1
Transmutations | 3 4 5 |  5.0
Spellcasting   | 3 4 |  4.6
Ice Magic      | 1 2 3 |  3.1
Dodging        | |  2.4

Action                   |  1- 3 |  4- 6 |  7- 9 || total
-------------------------+-------+-------+-------++-------
Melee: Unarmed           |    32 |    72 |    41 ||   145
       Kick              |     7 |    18 |     7 ||    32
       Headbutt          |     5 |     4 |     7 ||    16
       Punch             |     2 |     3 |     1 ||     6
 Cast: Beastly Appendage |     9 |    12 |     4 ||    25
       Wereblood         |     4 |     5 |     3 ||    12
  Use: Potion            |       |     1 |     2 ||     3
Armor: Robe              |     7 |     8 |       ||    15
       Skin              |       |     2 |    13 ||    15
       Scale mail        |       |       |    10 ||    10
Dodge: Dodged            |    13 |    31 |    11 ||    55
